 Dungeon Crawl Stone Soup version 0.29-a0-330-g52719c12eb (webtiles) character file.

Game seed: 3555166429852029775

33 iguanaiguana the Skirmisher (level 3, 0/29 HPs)
             Began as a Formicid Abyssal Knight on Apr 13, 2022.
             Was a Believer of Lugonu.
             Slain by a quokka (2 damage)
             ... on level 1 of the Dungeon.
             The game lasted 00:04:22 (1732 turns).

iguanaiguana the Skirmisher (FoAK)                  Turns: 1732, Time: 00:04:23

Health: 0/29       AC: 11    Str: 19    XL:     3   Next: 47%
Magic:  4/5        EV: 11    Int:  9    God:    Lugonu [**....]
Gold:   107        SH:  0    Dex: 11    Spells: 2/2 levels left

rFire   . . .      SeeInvis +   a - +1 mace (protect)
rCold   . . .      Faith    .   (no shield)
rNeg    . . .      Spirit   .   b - +0 leather armour
rPois   .          Reflect  .   (helmet unavailable)
rElec   .          Harm     .   (no cloak)
rCorr   .          Rampage  .   (no gloves)
Will    .....                   f - +0 pair of boots
Stlth   +.........              (no amulet)
HPRegen 0.09/turn               (no ring)
MPRegen 0.09/turn               (no ring)

@: under a protective aura, flying
A: permanent stasis, dig shafts and tunnels, antennae 3, four strong arms
a: Dig, Shaft Self, Renounce Religion, Depart the Abyss, Bend Space


You were on level 1 of the Dungeon.
You worshipped Lugonu.
Lugonu was pleased with you.
You visited 1 branch of the dungeon, and saw 2 of its levels.
You visited the Abyss 1 time.

You collected 107 gold pieces.

Inventory:

Hand Weapons
 a - a +1 mace of protection (weapon)
 d - a +0 whip
Armour
 b - a +0 leather armour (worn)
 f - a +0 pair of boots (worn)
Scrolls
 e - a scroll of amnesia
 g - a scroll of identify {@r1}
Potions
 c - a potion of berserk rage


   Skills:
 + Level 3.5 Fighting
 * Level 2.5 Maces & Flails
 + Level 2.5 Armour
 - Level 1.0 Dodging
 * Level 3.0 Invocations


You had 2 spell levels left.
You didn't know any spells.
Your spell library contained the following spells:

 Spells                   Type           Power      Damage    Failure   Level
 Ensorcelled Hibernation  Hex/Ice        0%         N/A       58%         2
 Sublimation of Blood     Necr           0%         N/A       58%         2
 Spider Form              Tmut/Pois      0%         N/A       82%         3
 Anguish                  Hex/Necr       0%         N/A       99%         4
 Petrify                  Tmut/Erth      0%         N/A       99%         4
 Irradiate                Conj/Tmut      0%         3d13      100%        5


Dungeon Overview and Level Annotations

Branches:
Dungeon (2/15)

Altars:

Shops:
D:2 =

Annotations:
D:2 Robin


Innate Abilities, Weirdness & Mutations

You cannot be hasted, slowed, berserked, paralysed or teleported.
You can dig through walls and to a lower floor.
You have a pair of large antennae on your head. (SInv)
Your four strong arms can wield two-handed weapons with a shield.


Message History

* * * LOW HITPOINT WARNING * * *
Robin throws the goblin at you!
* * * LOW HITPOINT WARNING * * *
The goblin barely misses you. The hobgoblin closely misses you.
The goblin hits you with a +0 club.
* * * LOW HITPOINT WARNING * * *
The quokka closely misses you.
You climb upwards.
There is a stone staircase leading down here.
Space bends around you!
You blink.
The quokka closely misses you. The quokka attacks as you move away!
The quokka closely misses you. The quokka attacks as you move away!
The quokka closely misses you. The quokka attacks as you move away!
The quokka bites you.
* * * LOW HITPOINT WARNING * * *
The quokka bites you but does no damage.
It was a potion of flight.
You feel very buoyant.
You fly up into the air.
The quokka bites you but does no damage.
As you read the scroll labelled GADUWN ELANU, it crumbles to dust.
It is a scroll of identify.
e - a scroll of amnesia The quokka bites you but does no damage.
As you read the scroll labelled CUFIOMN MERPHA, it crumbles to dust.
It is a scroll of brand weapon.
Your +1 mace projects an invisible shield of force!
a - a +1 mace of protection The quokka bites you but does no damage.
Your +1 mace of protection hums with potential!
a - a +1 mace of protection (weapon)
The quokka bites you.
* * * LOW HITPOINT WARNING * * *
Okay, then.
Okay, then.
Space bends around you!
You blink.
You hit the quokka but do no damage.
Your weapon exudes an aura of protection.
The quokka bites you but does no damage.
You closely miss the quokka. The quokka bites you.
You die...

###################
........#.r@.......
#########.#g###.#####
#.........#{# #
#.######..#.# #.#
#.######..#g# #.#### #
#.........#.# #.... .###
#...........# #..# .....
#.#..._..##.#####..###.....
...............>............


You could see a quokka and a goblin.

Vanquished Creatures
  A worm (D:2)
  A dart slug (D:1)
  3 ball pythons (D:1)
  2 endoplasms (D:1)
  2 giant cockroaches
  3 goblins
  4 hobgoblins
  A kobold (D:1)
  A quokka (D:2)
  3 bats (D:2)
  2 frilled lizards (D:2)
  3 rats
26 creatures vanquished.

Notes
Turn   | Place    | Note
-------+----------+-------------------------------------------
     0 | Abyss:1  | iguanaiguana the Formicid Abyssal Knight began the quest
                  | for the Orb.
     0 | Abyss:1  | Reached XP level 1. HP: 18/18 MP: 2/2
    51 | Abyss:1  | Noticed a smoke demon
    68 | D:1      | Escaped the Abyss
   111 | D:1      | Reached skill level 1 in Dodging
   261 | D:1      | Reached XP level 2. HP: 22/24 MP: 3/3
   276 | D:1      | Found a faded altar of an unknown god.
   335 | D:1      | Reached ** piety under Lugonu
   399 | D:1      | HP: 1/24 [goblin/+0 club (3)]
   931 | D:2      | Reached XP level 3. HP: 22/29 MP: 5/5
  1346 | D:2      | Found Uclacosch's Jewellery Shop.
  1709 | D:2      | Noticed Robin
  1732 | D:1      | Slain by a quokka

Illustrated notes

Levels and vault maps discovered:
D:1:      erik_arrival_orb_chamber, layout_basic,
          ebering_ecumenical_altar_sacrificial, minmay_crystal_water,
          nicolae_grassy_gnolls
D:2:      layout_basic, serial_shops, shop, uniq_robin

Skill      XL: |  1  2  3 |
---------------+----------+-----
Dodging        | 1 |  1.0
Invocations    | 3 |  3.0
Fighting       | |  3.5
Maces & Flails | |  2.5
Armour         | |  2.5

Action                   || total
-------------------------++-------
Melee: Mace              ||    28
       Whip              ||    98
       Punch             ||     2
Invok: Depart the Abyss  ||     1
       Bend Space        ||     2
  Use: Potion            ||     6
       Scroll            ||     2
Armor: Leather armour    ||    31
Dodge: Dodged            ||    85

Table legend: (Time is in decaauts)
 A = Elapsed time spent in this place.
 B = Non-inter-level travel time spent in this place.
 C = Inter-level travel time spent in this place.
 D = Time resting spent in this place.
 E = Time spent auto-exploring this place.
 F = Levels seen in this place.
 G = Mean time per level.
                   A        B        C        D        E       F      G
               +--------+--------+--------+--------+--------+-----+--------+
         Total |   1738 |   1730 |      8 |    283 |   1126 |   3 |  579.3 |
       Dungeon |   1669 |   1661 |      8 |    283 |   1075 |   2 |  834.5 |
         Abyss |     69 |     69 |      0 |      0 |     51 |   1 |   69.0 |
               +--------+--------+--------+--------+--------+-----+--------+

Top non-repeatable levels by time:
     D:2: 893 daAuts
     D:1: 775 daAuts
 Abyss:1: 69 daAuts
